 Dungeon Sprint DCSS version 0.27-a0-216-g1fbed8a51c (webtiles) character file.

Game seed: 2619819585483988464

7420 mhtbhm the Ninja (level 10, -9/53 HPs)
             Began as a Spriggan Brigand on Jan 31, 2021.
             Was a High Priest of Dithmenos.
             Mangled by a spriggan defender
             ... wielding a +5 quick blade
              (20 damage)
             ... in the Dungeon (Sprint IV: "Fedhas' Mad Dash").
             The game lasted 00:03:28 (1507 turns).

mhtbhm the Ninja (Spriggan Brigand)                 Turns: 1507, Time: 00:03:28

Health: -9/53      AC:  3    Str:  7    XL:     10   Next: 93%
Magic:  14/14      EV: 21    Int: 12    God:    Dithmenos [*****.]
Gold:   262        SH:  0    Dex: 22    Spells: 9/9 levels left

rFire    . . .     SeeInvis +   a - +2 dagger
rCold    . . .     Faith    .   (shield restricted)
rNeg     . . .     Spirit   .   b - +0 robe
rPois    .         Reflect  .   (helmet restricted)
rElec    .         Harm     .   c - +0 cloak
rCorr    .         Rampage  .   (gloves unavailable)
Will     +....     NoTele   +   (boots unavailable) Stlth ******++++
                                m - amulet of invisibility {+Inv}
HPRegen  0.17/turn              (no ring)
MPRegen  0.14/turn              (no ring)

@: wreathed by umbra, very quick
A: very small, unfitting armour, see invisible, speed 3
a: Renounce Religion, Evoke Invisibility, Shadow Step, Shadow Form


You were in the Dungeon.
You worshipped Dithmenos.
Dithmenos was extremely pleased with you.
You visited 1 branch You collected 262 gold pieces.

Inventory:

Hand Weapons
 a - a +2 dagger (weapon)
Missiles
 d - 12 poisoned darts (quivered)
Armour
 b - a +0 robe (worn)
 c - a +0 cloak (worn)
Jewellery
 l - an uncursed amulet of guardian spirit
 m - the amulet of invisibility (around neck) {+Inv}
   (You found it in the Dungeon)

   [amulet of nothing]

   It lets you turn invisible.
Scrolls
 k - a scroll of blinking
 n - a scroll of magic mapping {unknown}
 o - a scroll of identify {unknown}
 q - a scroll of random uselessness {unknown}
 r - a scroll of amnesia {unknown}
Potions
 f - a potion of curing
 h - a potion of haste
 i - 2 potions of magic
 j - a potion of berserk rage
 s - a potion of might {unknown}
Miscellaneous
 p - a phantom mirror (inert)


   Skills:
 + Level 6.2 Fighting
 + Level 10.6 Short Blades
 + Level 5.2 Throwing
 + Level 4.8 Dodging
 O Level 27 Stealth
 + Level 4.5 Invocations
 + Level 12.8 Evocations


You had 9 spell levels left.
You didn't know any spells.
Your spell library contained the following spells:

 Spells                   Type           Power        Failure   Level
 Confusing Touch          Hex            0%           69%         3
 Gell's Gravitas          Tloc           0%           69%         3
 Petrify                  Tmut/Erth      0%           97%         4
 Metabolic Englaciation   Hex/Ice        0%           100%        5
 Yara's Violent Unravell  Hex/Tmut       0%           100%        5


Dungeon Overview and Level Annotations

Branches:
Dungeon (1/1)

Altars:
Cheibriados
Dithmenos
Elyvilon
Gozag
Hepliaklqana
Kikubaaqudgha
Makhleb
Nemelex Xobeh
Okawaru
Qazlal
Ru
Sif Muna
Trog
Uskayaw
Vehumet
Wu Jian
Xom
Yredelemnul
Zin
The Shining One
Beogh
Jiyva
Lugonu

Shops:
D :*(?*=*}


Innate Abilities, Weirdness & Mutations

You are very small and have problems with some larger weapons.
You are too small for most types of armour.
You have supernaturally acute eyesight. (SInv)
You cover ground extremely quickly.


Message History

Unknown command.
You feel much better.
The spriggan defender blocks your spriggan defender's attack.
The spriggan defender hits you with a +5 quick blade!
You emit a cloud of dark smoke.
You hit the spriggan defender but do no damage.
The spriggan defender is severely wounded.
The spriggan defender hits you with a +5 quick blade!!
* * * LOW HITPOINT WARNING * * *
You emit a cloud of dark smoke.
The spriggan defender blocks your spriggan defender's attack.
The spriggan defender blocks your attack.
The spriggan defender is severely wounded.
Unknown command.
The spriggan defender blocks your attack.
The spriggan defender is severely wounded.
Your shadow closely misses the spriggan defender.
Your spriggan defender misses the spriggan defender.
The spriggan defender hits you with a +5 quick blade!!
You die...

################....(.###....)♣.#
♣♣♣..♣.###.'.['.....).'.'..)♣..∩#
...♣..♣##..#..#.P.....###########
♣♣♣.♣).###.##'##.P....#
..♣...♣'...#♣.♣########
############.....####
#..♣.§♣§§§.### ♣..§§§§♣...♣###
....♣.§§@ii.∩.((}# #
##############


You could see a spriggan defender (very poisoned, slow) and a friendly spriggan
defender (summoned, very poisoned, slow, drained).

Vanquished Creatures
  Agnes (D)
  A spriggan druid (D)
  6 oklob plants (D)
  A demonic crawler (D)
  3 burning bushes (D)
  A queen bee (D)
  3 wandering mushrooms (D)
  A hornet (D)
  5 spriggans (D)
  2 scorpions (D)
  4 killer bees (D)
  5 oklob saplings (D)
  A worker ant (D)
  A river rat (D)
  A rat (D)
36 creatures vanquished.

Vanquished Creatures (others)
  A ballistomycete spore (D)
1 creature vanquished.

Grand Total: 37 creatures vanquished

Notes
Turn   | Place    | Note
-------+----------+-------------------------------------------
     0 | D        | mhtbhm the Spriggan Brigand began the quest for the Orb.
     0 | D        | Reached XP level 1. HP: 10/10 MP: 2/2
    12 | D        | Reached skill level 8 in Stealth
    12 | D        | Reached XP level 2. HP: 15/15 MP: 3/3
   132 | D        | Noticed an oklob sapling
   133 | D        | Killed an oklob sapling
   134 | D        | Reached skill level 10 in Stealth
   134 | D        | Reached XP level 3. HP: 18/18 MP: 4/4
   137 | D        | Found the amulet of invisibility {+Inv}
   139 | D        | Reached skill level 11 in Stealth
   165 | D        | Found an opulent altar of Gozag.
   165 | D        | Found a hazy altar of Hepliaklqana.
   165 | D        | Found a burning altar of Makhleb.
   165 | D        | Found a roughly hewn altar of Beogh.
   165 | D        | Found a sparkling altar of Nemelex Xobeh.
   165 | D        | Found a snail-covered altar of Cheibriados.
   165 | D        | Found a sacrificial altar of Ru.
   165 | D        | Found a shimmering blue altar of Sif Muna.
   165 | D        | Found a shimmering altar of Xom.
   165 | D        | Found a basalt altar of Yredelemnul.
   166 | D        | Found a viscous altar of Jiyva.
   166 | D        | Found a bloodstained altar of Trog.
   166 | D        | Found an ornate altar of the Wu Jian Council.
   166 | D        | Noticed an oklob sapling priest
   167 | D        | Found an iron altar of Okawaru.
   167 | D        | Found a shadowy altar of Dithmenos.
   167 | D        | Found a glowing silver altar of Zin.
   168 | D        | Found an ancient bone altar of Kikubaaqudgha.
   168 | D        | Found a hide-covered altar of Uskayaw.
   169 | D        | Found a stormy altar of Qazlal.
   169 | D        | Found a white marble altar of Elyvilon.
   169 | D        | Found a glowing golden altar of the Shining One.
   170 | D        | Found a corrupted altar of Lugonu.
   170 | D        | Found a radiant altar of Vehumet.
   173 | D        | Killed an oklob sapling priest
   174 | D        | Reached skill level 12 in Stealth
   174 | D        | Reached XP level 4. HP: 23/23 MP: 2/5
   176 | D        | Became a worshipper of Dithmenos the Shadowed
   186 | D        | Reached skill level 13 in Stealth
   186 | D        | Reached skill level 1 in Evocations
   186 | D        | Reached XP level 5. HP: 28/28 MP: 3/6
   340 | D        | Reached skill level 14 in Stealth
   354 | D        | Noticed a queen bee
   361 | D        | Killed a queen bee
   361 | D        | Reached * piety under Dithmenos
   362 | D        | Reached skill level 5 in Short Blades
   362 | D        | Reached skill level 17 in Stealth
   362 | D        | Reached XP level 6. HP: 33/33 MP: 4/7
   365 | D        | Reached ** piety under Dithmenos
   366 | D        | Reached skill level 18 in Stealth
   366 | D        | Reached XP level 7. HP: 37/37 MP: 5/8
   368 | D        | Noticed an oklob plant
   371 | D        | Killed an oklob plant
   372 | D        | Reached skill level 20 in Stealth
   372 | D        | Reached skill level 5 in Evocations
   424 | D        | Noticed a burning bush
   427 | D        | Killed a burning bush
   428 | D        | Reached XP level 8. HP: 42/42 MP: 9/9
   434 | D        | Got an iridescent quarterstaff
   435 | D        | Identified the +7 quarterstaff of Hemnuobb {vorpal, +Inv
                  | rPois rF- Str+5} (You found it in the Dungeon)
   448 | D        | Noticed a burning bush
   448 | D        | Noticed an oklob plant
   449 | D        | Noticed a wandering mushroom
   455 | D        | Killed an oklob plant
   456 | D        | Reached skill level 5 in Throwing
   456 | D        | Reached skill level 22 in Stealth
   456 | D        | Killed a wandering mushroom
   456 | D        | Reached *** piety under Dithmenos
   457 | D        | Reached skill level 5 in Fighting
   763 | D        | Noticed a spriggan druid
   764 | D        | Killed a spriggan druid
   765 | D        | Reached skill level 23 in Stealth
   765 | D        | Reached XP level 9. HP: 47/47 MP: 10/10
   781 | D        | Noticed an oklob plant conjurer
   782 | D        | Killed an oklob plant conjurer
   986 | D        | Noticed an oklob plant
   986 | D        | Noticed an oklob plant summoner
   987 | D        | Noticed an oklob plant shifter
   989 | D        | Killed an oklob plant
   990 | D        | Reached skill level 24 in Stealth
   992 | D        | Killed an oklob plant summoner
   992 | D        | Reached **** piety under Dithmenos
   994 | D        | Killed an oklob plant shifter
   995 | D        | Reached skill level 25 in Stealth
   998 | D        | Noticed a demonic crawler
  1000 | D        | Killed a demonic crawler
  1059 | D        | Noticed a spriggan rider
  1060 | D        | Found Sulaluc's Gadget Shoppe.
  1060 | D        | Found Gaumayts's General Store.
  1062 | D        | Reached skill level 1 in Invocations
  1062 | D        | Reached XP level 10. HP: 48/52 MP: 6/11
  1063 | D        | Killed a spriggan rider
  1064 | D        | Reached skill level 26 in Stealth
  1064 | D        | Reached skill level 10 in Evocations
  1332 | D        | Reached ***** piety under Dithmenos
  1342 | D        | Found Byoxi's Assorted Antiques.
  1342 | D        | Found Piqeomm's Book Emporium.
  1365 | D        | Found Kistrol's Jewellery Emporium.
  1365 | D        | Found Vuepix's General Store.
  1414 | D        | Reached skill level 27 in Stealth
  1444 | D        | Noticed Agnes
  1445 | D        | Found Alamoekk's Antique Weapon Emporium.
  1445 | D        | Found Bararucs's Magic Scroll Shoppe.
  1446 | D        | Killed Agnes
  1447 | D        | Reached skill level 10 in Short Blades
  1491 | D        | Noticed a spriggan defender
  1507 | D        | Mangled by a spriggan defender

Illustrated notes

Levels and vault maps discovered:
D:        dungeon_sprint_fedhas [sprint_temple]

Skill      XL: |  1  2  3  4  5  6  7  8  9 10 |
---------------+-------------------------------+-----
Stealth        | 8 10 12 13 17 18 20 23 25 27 | 27.0
Fighting       | 2 3 4 5 6 |  6.2
Short Blades   | 3 4 5 7 8 9 10 | 10.6
Dodging        | 2 3 4 |  4.8
Throwing       | 3 4 5 |  5.2
Evocations     | 1 3 4 5 8 9 12 | 12.8
Invocations    | 1 4 |  4.5

Action                   |  1- 3 |  4- 6 |  7- 9 | 10-12 || total
-------------------------+-------+-------+-------+-------++-------
Melee: Dagger            |     8 |     6 |    16 |    18 ||    48
Throw: Dart              |     1 |       |       |     2 ||     3
Invok: Shadow Step       |       |       |     3 |     4 ||     7
 Abil: Evoke Invisibilit |     1 |     1 |     2 |     1 ||     5
Evoke: Phantom mirror    |       |       |       |     1 ||     1
  Use: Potion            |       |       |       |     1 ||     1
 Stab: Sleeping          |     4 |     6 |    13 |    10 ||    33
       Distracted        |       |       |       |     1 ||     1
Dodge: Dodged            |     2 |       |     1 |     1 ||     4

Table legend: (Time is in decaauts)
 A = Elapsed time spent in this place.
 B = Non-inter-level travel time spent in this place.
 C = Inter-level travel time spent in this place.
 D = Time resting spent in this place.
 E = Time spent auto-exploring this place.
 F = Levels seen in this place.
 G = Mean time per level.
                   A        B        C        D        E       F      G
               +--------+--------+--------+--------+--------+-----+--------+
         Total |   1341 |   1311 |     30 |    989 |      0 |   1 | 1341.0 |
       Dungeon |   1341 |   1311 |     30 |    989 |      0 |   1 | 1341.0 |
               +--------+--------+--------+--------+--------+-----+--------+

Top non-repeatable levels by time:
       D: 1341 daAuts
